 Dungeon Crawl Stone Soup version 0.31-a0-185-g9dded2c639 (webtiles) character file.

Game seed: 17883019403928485894

88 qw the Shooter (level 4, 0/25 HPs)
             Began as a Deep Elf Hunter on June 22, 2023.
             Slain by a goblin
             ... wielding a +0 club
             ... led by Robin
              (5 damage)
             ... on level 3 of the Dungeon.
             The game lasted 00:00:38 (1754 turns).

qw the Shooter (Deep Elf Hunter)                    Turns: 1754, Time: 00:00:39

Health: 0/25       AC:  6    Str: 14    XL:     4   Next: 30%
Magic:  6/6        EV: 12    Int: 14    God:
Gold:   142        SH:  0    Dex: 20    Spells: 3/3 levels left

rFire   . . .        Y - +0 shortbow
rCold   . . .        (shield currently unavailable)
rNeg    . . .        c - +0 leather armour
rPois   .            (no helmet)
rElec   .            a - +2 cloak
rCorr   .            (no gloves)
SInv    .            (no boots)
Will    .....        (no amulet)
Stlth   ++           g - +6 ring of strength
HPRegen 0.24/turn    (no ring)
MPRegen 0.10/turn

%: no passive effects
@: no status effects
A: no striking features
a: no special abilities


You were on level 3 of the Dungeon.
You visited 1 branch of the dungeon, and saw 3 of its levels.

You collected 142 gold pieces.


   Skills:
 - Level 1.5 Fighting
 + Level 7.7 Ranged Weapons
 - Level 2.4 Dodging
 - Level 1.2 Stealth


You had 3 spell levels left.
You didn't know any spells.
Your spell library was empty.

Inventory:

Hand Weapons
 Y - a +0 shortbow (weapon)
Armour
 a - a +2 cloak (worn)
 c - a +0 leather armour (worn)
 e - a +0 ring mail
Jewellery
 d - an amulet of the acrobat
 g - a +6 ring of strength (left hand)
Scrolls
 b - a scroll of summoning {unknown}
 l - a scroll of teleportation
Potions
 h - a potion of heal wounds
 i - a potion of haste {unknown}
 k - a potion of might {unknown}
 m - a potion of attraction {unknown}

Dungeon Overview and Level Annotations

Branches:
Dungeon (3/15)

Altars:


Message History

The goblin unwields a +0 dagger.
The goblin wields a +0 sling.
The goblin shoots a sling bullet.
The sling bullet barely misses you. The goblin barely misses you.
You hear a shout!
You shoot an arrow. The arrow hits the goblin.
You kill the goblin!
A goblin comes into view. It is wielding a +0 spear.
You shoot an arrow. The arrow hits the hobgoblin!
You kill the hobgoblin!
The goblin hits you but does no damage.
A goblin comes into view. It is wielding a +0 club.
You shoot an arrow. The arrow barely misses the goblin.
The goblin shouts!
You hear a shout!
The goblin closely misses you.
A goblin comes into view. It is wielding a +0 club.
You shoot an arrow. The arrow hits Robin!
Robin is severely wounded.
The goblin hits you but does no damage.
A hobgoblin comes into view.
Robin hits you with a +0 club.
You shoot an arrow. The hobgoblin shouts!
The arrow hits Robin.
Robin is severely wounded.
The goblin hits you with a +0 club. The goblin hits you but does no damage.
Robin closely misses you.
You shoot an arrow. The arrow hits Robin!
You kill Robin!
The goblin closely misses you. x2; The goblin hits you with a +0 dagger.
You shoot an arrow. The arrow hits the goblin.
You kill the goblin!
The goblin barely misses you. The goblin hits you with a +0 club.
The goblin unwields a +0 sling.
The goblin wields a +0 dagger.
The goblin hits you but does no damage.
You shoot an arrow. The arrow hits the goblin!
You kill the goblin!
The goblin hits you from afar with a +0 spear.
The goblin hits you with a +0 club. x2
You die...

#.......#
........#############
#..................(
.............##..
.#####.##........# .#
........)........##.#
##.........###.###..##..
......gg...# #.).......#
#.^...g@...# #..#..#####
#.....))...# #.##..##
.....g.....###.##...####
....g.!....#...........#
....g..................#
..)....................#
............##.........#
....#...##..##.#######.#
.......###.#


You could see a hobgoblin (strong) and 5 goblins.

Vanquished Creatures
  Robin (D:3)
  3 adders
  An orc (D:3)
  4 endoplasms
  3 giant cockroaches
  10 goblins
  6 hobgoblins
  8 kobolds
  2 quokkas (D:1)
  5 bats
  A frilled lizard (D:1)
  3 rats (D:2)
47 creatures vanquished.

Notes
Turn   | Place    | Note
-------+----------+-------------------------------------------
     0 | D:1      | qw the Deep Elf Hunter began the quest for the Orb.
     0 | D:1      | Reached XP level 1. HP: 12/12 MP: 3/3
     0 | D:1      | 0 ||| qw: Version: 0.3-a-9-g12657ce
     0 | D:1      | 0 ||| qw: Game counter: 1729
     0 | D:1      | 0 ||| qw: Always use a shield: true
     0 | D:1      | 0 ||| qw: God list: Okawaru
     0 | D:1      | 0 ||| qw: Allow faded altars: false
     0 | D:1      | 0 ||| qw: Do Orc after D:15 true
     0 | D:1      | 0 ||| qw: Do second Lair branch before Depths: true
     0 | D:1      | 0 ||| qw: Lair rune preference: random
     0 | D:1      | 0 ||| qw: Plans: Normal
     0 | D:1      | 0 ||| PLANNING D:1-11
   176 | D:1      | Reached XP level 2. HP: 16/16 MP: 4/4
   177 | D:1      | Reached skill level 6 in Ranged Weapons
   587 | D:1      | 587 ||| UPGRADING to +6 ring of strength.
   588 | D:1      | 588 ||| READING scroll labelled BUIHUTW BESS.
   591 | D:1      | 591 ||| READING 2 scrolls labelled IJURIKHLOULU.
   592 | D:1      | 592 ||| DRINKING 2 metallic ruby potions.
   593 | D:1      | 593 ||| DRINKING 2 murky silvery potions.
   594 | D:1      | 594 ||| DROPPING scroll of butterflies.
   595 | D:1      | 595 ||| DROPPING potion of magic.
  1042 | D:2      | Reached XP level 3. HP: 20/20 MP: 5/5
  1404 | D:2      | Reached skill level 7 in Ranged Weapons
  1603 | D:2      | 1603 ||| UPGRADING to +0 cloak.
  1608 | D:2      | 1608 ||| READING scroll of enchant armour.
  1608 | D:2      | 1608 ||| ENCHANTING +0 cloak.
  1609 | D:2      | 1609 ||| READING scroll labelled AMUNIF QEUNE.
  1610 | D:2      | 1610 ||| READING scroll labelled ECAIDA GAAD.
  1611 | D:2      | 1611 ||| READING scroll labelled MUIPHUWKEI.
  1612 | D:2      | 1612 ||| DRINKING 2 lumpy silvery potions.
  1614 | D:2      | 1614 ||| Stepping ~*~*~tactically~*~*~ (cloud).
  1615 | D:2      | 1615 ||| DRINKING potion of curing.
  1615 | D:2      | 1615 ||| (to cure poison)
  1657 | D:3      | 1657 ||| READING scroll of enchant armour.
  1657 | D:3      | 1657 ||| ENCHANTING +1 cloak.
  1727 | D:3      | Reached XP level 4. HP: 25/25 MP: 6/6
  1741 | D:3      | Noticed Robin
  1752 | D:3      | Killed Robin
  1754 | D:3      | HP: 5/25 [goblin/+0 club[Robin] (6)]
  1754 | D:3      | Slain by a goblin

Levels and vault maps discovered:
D:1:      ncdulo_watergridlock, layout_loops_ring
D:2:      layout_basic
D:3:      layout_rooms, uniq_robin, uniq_pargi

Skill      XL: |  1  2  3 |
---------------+----------+-----
Ranged Weapons | 6 7 |  7.7
Fighting       | |  1.5
Dodging        | |  2.4
Stealth        | |  1.2

Action                     |  1- 3 |  4- 6 || total
---------------------------+-------+-------++-------
   Fire: Shortbow          |    97 |    18 ||   115
    Use: Scroll            |     7 |       ||     7
         Potion            |     4 |       ||     4
 Armour: Leather armour    |     7 |     7 ||    14
  Dodge: Dodged            |    17 |     7 ||    24

Table legend:
 A = Non-vault XP
 B = Vault XP
 C = Vault XP percentage of total XP
 D = Non-vault monster count
 E = Vault monster count
 F = Vault count percentage of total count
                 A         B        C        D         E       F
            +---------+---------+-------+---------+---------+-------
      Total |     103 |      26 |  20.2 |      40 |       7 |  14.9
            +---------+---------+-------+---------+---------+-------
        D:1 |      33 |       0 |   0.0 |      19 |       0 |   0.0
        D:2 |      45 |       0 |   0.0 |      13 |       0 |   0.0
        D:3 |      25 |      26 |  51.0 |       8 |       7 |  46.7
            +---------+---------+-------+---------+---------+-------
